 Dungeon Crawl Stone Soup version 0.23-a0-396-g5214e5f (webtiles) character file.

8 galech the Skirmisher (level 2, 21/24 HPs)
             Began as a Demonspawn Fighter on Nov 2, 2018.
             Quit the game on level 1 of the Dungeon.
             The game lasted 00:00:36 (319 turns).

galech the Skirmisher (Demonspawn Fighter)           Turns: 319, Time: 00:00:36

Health: 21/24      AC:  7    Str: 16    XL:     2   Next: 0%
Magic:  2/2        EV:  6    Int:  9    God:
Gold:   18         SH:  8    Dex: 12    Spells: 1/1 levels left

rFire    . . .     SeeInvis .   a - +0 war axe
rCold    . . .     Gourm    .   c - +0 shield
rNeg     . . .     Faith    .   b - +0 scale mail
rPois    .         Spirit   .   (no helmet)
rElec    .         Reflect  .   (no cloak)
rCorr    .         Harm     .   l - +0 pair of gloves
MR       .....                  (no boots)
Stlth    +.........             (no amulet)
HPRegen  0.08/turn              (no ring)
MPRegen  0.08/turn              (no ring)

@: no status effects
A: nightstalker 1
a: no special abilities


You were on level 1 of the Dungeon.
You were not hungry.

You visited 1 branch of the dungeon, and saw 1 of its levels.

You collected 18 gold pieces.

Inventory:

Hand Weapons
 a - a +0 war axe (weapon)
Armour
 b - a +0 scale mail (worn)
 c - a +0 shield (worn)
 l - a +0 pair of gloves (worn)
Scrolls
 h - a scroll of fog {unknown}
 j - a scroll of immolation {unknown}
 k - a scroll of random uselessness {unknown}
Potions
 d - a potion of might
 e - a potion of brilliance {unknown}
 g - a potion of heal wounds {unknown}
Comestibles
 f - 2 rations
 i - 4 chunks of flesh


   Skills:
 + Level 3.1 Fighting
 + Level 1.9 Axes
 + Level 2.8 Armour
 + Level 2.8 Shields


You had one spell level left.
You didn't know any spells.
Your spell library was empty.

Dungeon Overview and Level Annotations

Branches:
Dungeon (1/15)

Altars:


Innate Abilities, Weirdness & Mutations

You are slightly more attuned to the shadows.


Message History

The jackal bites you.
The jackal bites you but does no damage.
Your shield prevents you from hitting the jackal.
A jackal comes into view.
The jackal bites you. The bat barely misses you.
A dart slug comes into view.
The jackal moves out of view.
You slash the jackal!
You kill the jackal!
Your shield and scale mail prevent you from hitting the bat.
The bat hits you but does no damage.
The jackal bites you but does no damage.
You hit the jackal.
You kill the jackal!
You have reached level 2!
Your demonic ancestry asserts itself...
You slip into the darkness of the dungeon.
You closely miss the bat. The bat hits you but does no damage.
The jackal barely misses you.
Are you sure you want to abandon this character and quit the game? (Confirm

########...#######'##....##...
#...#...÷....#....##...
#...#........#....##...
#...#........#...###...
#...#........# .# #+##
#...#........# #...#........#
#..b.....# #†@......#
##h####### ... ..... .......
....w...# .........#
..........#


You could see a dart slug, a jackal and a bat.

Vanquished Creatures
  A goblin (D:1)
  2 jackals (D:1)
  A kobold (D:1)
  A frilled lizard (D:1)
  3 rats (D:1)
8 creatures vanquished.

Notes
Turn   | Place    | Note
-------+----------+-------------------------------------------
     0 | D:1      | galech the Demonspawn Fighter began the quest for the Orb.
     0 | D:1      | Reached XP level 1. HP: 18/18 MP: 1/1
     0 | D:1      | Noticed an orb of fire
     0 | D:1      | Noticed a black draconian
     1 | D:1      | Noticed an ice dragon
     3 | D:1      | Noticed an iron dragon
     6 | D:1      | Noticed a large abomination
     7 | D:1      | Noticed an ice dragon
     8 | D:1      | Noticed an iron dragon
    10 | D:1      | Noticed a large abomination
    12 | D:1      | Noticed an orb of fire
    13 | D:1      | Noticed an orb of fire
    14 | D:1      | Noticed an iron dragon
    14 | D:1      | Noticed an orb of fire
    16 | D:1      | Noticed a tentacled monstrosity
    16 | D:1      | Noticed a large abomination
    18 | D:1      | Noticed a shadow dragon
    18 | D:1      | Noticed a yellow draconian
    20 | D:1      | Noticed an orb of fire
   318 | D:1      | Gained mutation: You are slightly more attuned to the
                  | shadows. [demonic ancestry]
   318 | D:1      | Reached XP level 2. HP: 21/24 MP: 2/2
   319 | D:1      | Quit the game

Vault maps used:
D:1:      shiori_arrival_whats_in_store_for_you, minivault_25,
          minmay_misc_feat_pillars

Action                   || total
-------------------------++-------
Melee: War axe           ||    25
Armor: Scale mail        ||    12
Dodge: Dodged            ||     6
Block: Shield            ||     7

Table legend:
 A = Non-vault XP
 B = Vault XP
 C = Vault XP percentage of total XP
 D = Non-vault monster count
 E = Vault monster count
 F = Vault count percentage of total count
                 A         B        C        D         E       F
            +---------+---------+-------+---------+---------+-------
      Total |      12 |       0 |   0.0 |       8 |       0 |   0.0
            +---------+---------+-------+---------+---------+-------
        D:1 |      12 |       0 |   0.0 |       8 |       0 |   0.0
            +---------+---------+-------+---------+---------+-------
